 Dungeon Crawl Stone Soup version 0.30-a0-528-g8c47a4955b (webtiles) character file.

Game seed: 6218715110502297858

1496 arthad the Shooter (level 8, -1/42 HPs)
             Began as a Spriggan Hunter on Dec 24, 2022.
             Killed from afar by an electric eel (11 damage)
             ... with a bolt of electricity
             ... on level 6 of the Dungeon.
             The game lasted 00:10:49 (4913 turns).

arthad the Shooter (Spriggan Hunter)                Turns: 4913, Time: 00:10:49

Health: -1/42      AC:  3    Str:  7    XL:     8   Next: 51%
Magic:  9/9        EV: 22    Int: 11    God:
Gold:   265        SH:  0    Dex: 20    Spells: 7/7 levels left

rFire   . . .      SeeInvis +    a - +0 shortbow
rCold   + . .      Faith    .    (shield currently unavailable)
rNeg    + . .      Spirit   .    c - +0 robe
rPois   .          Reflect  .    (helmet restricted)
rElec   .          Harm     .    q - +0 cloak
rCorr   .          Rampage  .    (gloves unavailable)
Will    +....                    (boots unavailable)
Stlth   ++++                     (no amulet)
HPRegen 0.27/turn                m - ring of positive energy
MPRegen 0.11/turn                n - ring of protection from cold

@: very quick
A: very small, no large weapons, unfitting armour, see invisible, speed 3
a: no special abilities


You were on level 6 of the Dungeon.
You visited 1 branch of the dungeon, and saw 6 of its levels.

You collected 265 gold pieces.

Inventory:

Hand Weapons
 a - a +0 shortbow (weapon)
 f - a +0 dagger of draining
 p - a +2 quarterstaff of chaos
 z - a +0 whip of flaming
Missiles
 e - 5 poisoned darts
Armour
 c - a +0 robe (worn)
 j - a +1 pair of gloves
 l - a +2 buckler
 q - a +0 cloak (worn)
Jewellery
 m - a ring of positive energy (left hand)
 n - a ring of protection from cold (right hand)
 s - a +6 ring of intelligence
 B - a +6 ring of strength
 I - an amulet of faith
Wands
 F - a wand of iceblast (1)
Scrolls
 b - a scroll of immolation
 d - 3 scrolls of fear {unknown}
 g - 10 scrolls of identify {unknown}
 h - a scroll of teleportation {unknown}
 u - a scroll of magic mapping {unknown}
 v - a scroll of amnesia {unknown}
 w - a scroll of blinking {unknown}
 x - a scroll of enchant weapon {unknown}
 y - a scroll of summoning {unknown}
 C - a scroll of acquirement {unknown}
 D - a scroll of poison {unknown}
 J - a scroll of fog {unknown}
 K - a scroll of enchant armour {unknown}
Potions
 i - a potion of ambrosia
 k - 2 potions of haste {unknown}
 o - a potion of curing {unknown}
 r - 2 potions of invisibility
 t - 2 potions of flight {unknown}
 A - 2 potions of brilliance {unknown}
 E - a potion of might {unknown}
 G - a potion of berserk rage {unknown}
 H - a potion of attraction {unknown}


   Skills:
 + Level 4.2 Fighting
 * Level 7.9 Ranged Weapons
 + Level 6.7 Dodging
 + Level 7.6 Stealth


You had 7 spell levels left.
You didn't know any spells.
Your spell library contained the following spells:

 Spells                   Type           Power      Damage    Failure   Level
 Animate Dead             Necr           0%         N/A       98%         4
 Conjure Ball Lightning   Conj/Air       0%         3x3d6     100%        6
 Haunt                    Necr/Summ      0%         N/A       100%        7
 Discord                  Hex            0%         N/A       100%        8
 Disjunction              Tloc           0%         N/A       100%        8
 Infestation              Necr           0%         N/A       100%        8


Dungeon Overview and Level Annotations

Branches:
Dungeon (6/15)
 Temple: D:4-7

Altars:
Gozag
Sif Muna
Yredelemnul

Shops:
D:3 [   D:5 *


Innate Abilities, Weirdness & Mutations

You are very small and have problems with some larger weapons.
You are too small for most types of armour.
You have supernaturally acute eyesight. (SInv)
You cover ground extremely quickly. (Speed+++)


Message History

You are too injured to fight recklessly!
You are too injured to fight recklessly!
You are too injured to fight recklessly!
You are too injured to fight recklessly!
You are too injured to fight recklessly!
You are too injured to fight recklessly!
You are too injured to fight recklessly!
You are too injured to fight recklessly!
You are too injured to fight recklessly!
You are too injured to fight recklessly!
You are too injured to fight recklessly!
You are too injured to fight recklessly!
You start resting.
HP restored.
The electric eel shoots out a bolt of lightning at you!
The bolt of electricity hits you!
You shoot an arrow.
The arrow closely misses the electric eel.
The electric eel shoots out a bolt of lightning at you!
The bolt of electricity hits you!
You shoot an arrow. The arrow hits the electric eel.
The electric eel is lightly wounded.
You shoot an arrow.
The arrow barely misses the electric eel.
The electric eel shoots out a bolt of lightning at you!
The bolt of electricity hits you!
You are too injured to fight recklessly!
Aiming: Iceblast
Press: ? - help, Shift-Dir - straight line, p - electric eel The mass of ice explodes!
The iceblast engulfs the electric eel!
The electric eel is severely wounded.
The iceblast engulfs the plant!
The plant begins to die.
The plant is lightly damaged.
The electric eel shoots out a bolt of lightning at you!
The bolt of electricity hits you!
* * * LOW HITPOINT WARNING * * *
Unknown command.
The electric eel shoots out a bolt of lightning at you!
The bolt of electricity hits you!
You die...

.PP~≈≈≈~..#
.~~≈≈≈~~..#
~.≈≈≈P....#
P~~≈≈P~..[#
.P≈≈≈~~.#.#
~≈≈≈≈≈~.#.#
≈~≈≈≈P..#.#
S≈≈~~~..#.#
~≈≈~~...#@#
≈≈S≈~.....#
≈≈~~P..#.##
≈~P~..#..#
P~.. ..##
~.. .## ..
#. . . #


You could see an electric eel.

Vanquished Creatures
  Pikel (D:4)
  Sigmund (D:2)
  2 water moccasins (D:5)
  A black bear (D:5)
  3 lemures
  2 scorpions (D:5)
  A jelly (D:4)
  2 hounds
  Crazy Yiuf (D:2)
  An orc priest (D:5)
  4 iguanas
  2 orc wizards
  8 adders
  A shadow imp (D:5)
  2 worms
  2 dart slugs
  11 orcs
  6 ball pythons
  6 bats
  4 endoplasms (D:1)
  7 giant cockroaches
  6 goblins
  3 hobgoblins
  4 quokkas
  2 frilled lizards (D:3)
  6 kobolds
  7 rats
96 creatures vanquished.

Vanquished Creatures (others)
  15 plants
15 creatures vanquished.

Grand Total: 111 creatures vanquished

Notes
Turn   | Place    | Note
-------+----------+-------------------------------------------
     0 | D:1      | arthad the Spriggan Hunter began the quest for the Orb.
     0 | D:1      | Reached XP level 1. HP: 10/10 MP: 2/2
   161 | D:1      | Found a faded altar of an unknown god.
   166 | D:1      | Reached XP level 2. HP: 15/15 MP: 3/3
   518 | D:1      | Reached XP level 3. HP: 18/18 MP: 4/4
   836 | D:2      | Noticed Sigmund
   868 | D:2      | Killed Sigmund
   869 | D:2      | Reached skill level 5 in Ranged Weapons
   869 | D:2      | Reached XP level 4. HP: 17/23 MP: 5/5
   869 | D:2      | Reached XP level 5. HP: 20/27 MP: 6/6
  1440 | D:2      | Found a runed translucent door.
  1441 | D:2      | Noticed Crazy Yiuf
  1703 | D:2      | Killed Crazy Yiuf
  1858 | D:3      | Found Baremiadi's Armour Emporium.
  1863 | D:3      | Reached XP level 6. HP: 32/32 MP: 7/7
  2528 | D:4      | Noticed Pikel
  2703 | D:4      | Reached skill level 5 in Stealth
  2861 | D:4      | Killed Pikel
  2862 | D:4      | Reached skill level 5 in Dodging
  2862 | D:4      | Reached XP level 7. HP: 25/36 MP: 8/8
  2957 | D:4      | Found an opulent altar of Gozag.
  3126 | D:4      | Found a shimmering blue altar of Sif Muna.
  3126 | D:4      | Found a basalt altar of Yredelemnul.
  3232 | D:5      | Entered Level 5 of the Dungeon
  3525 | D:5      | Found Zefeheg's Serpentskin Sales.
  3555 | D:5      | Reached XP level 8. HP: 5/42 MP: 9/9
  4913 | D:6      | Killed from afar by an electric eel

Illustrated notes

Levels and vault maps discovered:
D:1:      dpeg_arrival_prison, layout_loops_cross,
          dreamdust_ecumenical_altar_hidden_monk_grotto
D:2:      layout_loops_ring, serial_bayou, serial_bayou_lagoon_a,
          serial_bayou_pond_c, serial_bayou_pond_b, serial_bayou_lake_a,
          serial_bayou_shore_a, serial_bayou_pond_d, uniq_sigmund,
          uniq_crazy_yiuf_cottage
D:3:      layout_loops_ring, serial_shops, shop, minmay_cupped
D:4:      layout_cave_pools, mainiacjoe_overflow_catwalk,
          gammafunk_temple_overflow_elements, serial_bayou_pond_c, uniq_pikel
D:5:      layout_basic, guppyfry_shop_venom
D:6:      layout_cave_pools, chequers_big_river

Skill      XL: |  1  2  3  4  5  6  7  8 |
---------------+-------------------------+-----
Stealth        | 2 4 6 7 |  7.6
Dodging        | 3 4 5 6 |  6.7
Fighting       | 2 3 4 |  4.2
Ranged Weapons | 5 6 7 |  7.9

Action                   |  1- 3 |  4- 6 |  7- 9 || total
-------------------------+-------+-------+-------++-------
 Fire: Shortbow          |    87 |   180 |   129 ||   396
Evoke: Wand              |       |       |     1 ||     1
  Use: Potion            |     1 |       |     1 ||     2
Armor: Robe              |     1 |    10 |     5 ||    16
Dodge: Dodged            |    29 |    87 |    47 ||   163

Table legend: (Time is in decaauts)
 A = Elapsed time spent in this place.
 B = Non-inter-level travel time spent in this place.
 C = Inter-level travel time spent in this place.
 D = Time resting spent in this place.
 E = Time spent auto-exploring this place.
 F = Levels seen in this place.
 G = Mean time per level.
                   A        B        C        D        E       F      G
               +--------+--------+--------+--------+--------+-----+--------+
         Total |   3559 |   3419 |    140 |    231 |   2471 |   6 |  593.2 |
       Dungeon |   3559 |   3419 |    140 |    231 |   2471 |   6 |  593.2 |
               +--------+--------+--------+--------+--------+-----+--------+

Top non-repeatable levels by time:
     D:5: 884 daAuts
     D:2: 768 daAuts
     D:4: 630 daAuts
     D:3: 552 daAuts
     D:1: 488 daAuts
     D:6: 235 daAuts
